 Dungeon Crawl Stone Soup version 0.30-b1-2-g02819fbbbe (webtiles) character file.

Game seed: 15550959643006696618

179 Alarkh the Slasher (level 5, -1/38 HPs)
             Began as a Demonspawn Warper on May 22, 2023.
             Slain by an iguana (10 damage)
             ... on level 4 of the Dungeon.
             The game lasted 00:03:24 (3175 turns).

Alarkh the Slasher (Demonspawn Warper)              Turns: 3175, Time: 00:03:25

Health: -1/38      AC:  4    Str: 12    XL:     5   Next: 33%
Magic:  8/8        EV: 11    Int: 16    God:
Gold:   109        SH:  0    Dex: 12    Spells: 8/8 levels left

rFire   . . .        a - +0 falchion
rCold   . . .        (no shield)
rNeg    . . .        b - +0 leather armour
rPois   .            (no helmet)
rElec   .            (no cloak)
rCorr   .            (no gloves)
SInv    .            o - +0 pair of boots
Will    .....        (no amulet)
Stlth   +            e - ring of flight
HPRegen 0.26/turn    (no ring)
MPRegen 0.11/turn

%: no passive effects
@: mighty, flying, hasted, very quick
A: spiny 1
a: no special abilities


You were on level 4 of the Dungeon.
You visited 1 branch of the dungeon, and saw 4 of its levels.

You collected 205 gold pieces.
You spent 96 gold pieces at shops.

Inventory:

Hand Weapons
 a - a +0 falchion (weapon)
Missiles
 d - 7 boomerangs of dispersal (quivered)
Armour
 b - a +0 leather armour (worn)
 o - a +0 pair of boots (worn)
Magical Staves
 h - a staff of fire
Jewellery
 e - a ring of flight (left hand)
 n - a +4 ring of slaying
 D - a ring of protection from fire
Wands
 C - a wand of charming (4)
Scrolls
 c - a scroll of blinking
 g - 2 scrolls of noise
 i - a scroll of fear {unknown}
 j - a scroll of fog {unknown}
 l - a scroll of immolation {unknown}
 m - 2 scrolls of summoning {unknown}
 r - 2 scrolls of identify
 x - a scroll of magic mapping {unknown}
 y - a scroll of silence {unknown}
 z - a scroll of poison {unknown}
Potions
 f - a potion of mutation
 k - 2 potions of lignification {unknown}
 p - 4 potions of haste
 q - 2 potions of magic
 s - 2 potions of might
 t - a potion of attraction {unknown}
 u - a potion of cancellation {unknown}
 v - 2 potions of flight {unknown}
 w - 2 potions of curing
 A - a potion of resistance {unknown}
 B - a potion of heal wounds


   Skills:
 - Level 2.0 Fighting
 + Level 5.1 Long Blades
 - Level 0.8 Throwing
 - Level 0.8 Armour
 - Level 1.7 Dodging
 - Level 2.0 Spellcasting
 - Level 2.6 Translocations


You had 8 spell levels left.
You didn't know any spells.
Your spell library contained the following spells:

 Spells                   Type           Power      Damage    Failure   Level
 Blink                    Tloc           20%        N/A       13%         2
 Lesser Beckoning         Tloc           20%        N/A       13%         2
 Beastly Appendage        Tmut           2%         N/A       26%         1
 Teleport Other           Tloc           10%        N/A       26%         3
 Sublimation of Blood     Necr           1%         N/A       36%         2
 Wereblood                Tmut           1%         N/A       36%         2
 Portal Projectile        Hex/Tloc       10%        N/A       41%         3
 Vhi's Electric Charge    Tloc/Air       10%        N/A       41%         3
 Call Canine Familiar     Summ           1%         N/A       61%         3
 Spider Form              Tmut/Pois      1%         N/A       61%         3
 Manifold Assault         Tloc           10%        N/A       65%         4
 Leda's Liquefaction      Hex/Erth       0%         N/A       95%         4
 Lee's Rapid Deconstruct  Erth           0%         3d4*      100%        5
 Statue Form              Tmut/Erth      0%         N/A       100%        6
 Summon Hydra             Summ           0%         N/A       100%        7


Dungeon Overview and Level Annotations

Branches:
Dungeon (4/15)
 Temple: D:4-7

Altars:
Fedhas

Shops:
D:4 !


Innate Abilities, Weirdness & Mutations

You are partially covered in sharp spines.


Message History

An iguana is nearby!
An iguana is nearby!
The iguana bites you!
You hit the iguana.
The iguana is moderately wounded.
The iguana barely misses you.
You closely miss the iguana.
The iguana is moderately wounded.
The iguana bites you!
You barely miss the iguana.
The iguana is moderately wounded.
The iguana bites you!
You are too injured to fight recklessly!
You are too injured to fight recklessly!
You are too injured to fight recklessly!
You are too injured to fight recklessly!
You are too injured to fight recklessly!
You are too injured to fight recklessly!
You are too injured to fight recklessly!
You are too injured to fight recklessly!
You are too injured to fight recklessly!
You are too injured to fight recklessly!
You are too injured to fight recklessly!
You are too injured to fight recklessly!
You are too injured to fight recklessly!
It was a potion of magic.
Magic courses through your body. The iguana closely misses you.
It was a potion of haste.
You feel yourself speed up. The iguana misses you.
It was a potion of might.
You feel very mighty all of a sudden.
You barely miss the iguana.
The iguana is lightly wounded.
The iguana bites you.
* * * LOW HITPOINT WARNING * * *
You closely miss the iguana. You punch the iguana.
The iguana is heavily wounded.
You slash the iguana!
The iguana is severely wounded.
The iguana bites you!
You die...

......#..<..#
..###.#####.#
..........#.#
..).....#.#.######
#####.#.#.#......#
......#.#.######.#
..##..#.#.# #. #.#
..#####.#<# #. #.#
..'.....#.#.#. #@#
..#####.#.#.#. #l#
..# ### ... #.#
### #.##.# #....#
######


You could see an iguana.

Vanquished Creatures
  7 adders
  A worm (D:3)
  13 dart slugs
  8 orcs
  4 ball pythons
  4 endoplasms
  6 giant cockroaches
  5 goblins
  9 hobgoblins
  5 jackals
  2 kobolds
  5 bats
  2 frilled lizards
  7 rats
78 creatures vanquished.

Vanquished Creatures (others)
  2 plants (D:2)
2 creatures vanquished.

Grand Total: 80 creatures vanquished

Notes
Turn   | Place    | Note
-------+----------+-------------------------------------------
     0 | D:1      | Alarkh the Demonspawn Warper began the quest for the Orb.
     0 | D:1      | Reached XP level 1. HP: 16/16 MP: 3/3
    22 | D:1      | Reached skill level 2 in Long Blades
   108 | D:1      | Gained mutation: You are partially covered in sharp spines.
                  | [demonic ancestry]
   108 | D:1      | Reached XP level 2. HP: 10/22 MP: 5/5
   418 | D:1      | Reached skill level 3 in Long Blades
   467 | D:1      | Found a faded altar of an unknown god.
   599 | D:1      | Reached XP level 3. HP: 27/27 MP: 6/6
   671 | D:2      | Found a blossoming altar of Fedhas.
  1463 | D:3      | Reached skill level 4 in Long Blades
  1463 | D:3      | Reached XP level 4. HP: 30/33 MP: 7/7
  2559 | D:4      | Found Fokeumn's Distillery.
  2575 | D:4      | Bought a potion of curing for 36 gold pieces
  2575 | D:4      | Bought a potion of heal wounds for 60 gold pieces
  2689 | D:4      | Reached XP level 5. HP: 34/38 MP: 8/8
  2789 | D:4      | Reached skill level 5 in Long Blades
  3175 | D:4      | Slain by an iguana

Illustrated notes

Levels and vault maps discovered:
D:1:      lemuel_arrival_lava_pool, layout_basic,
          dilly_ecumenical_altar_fadedgnrine
D:2:      layout_loops_ring, basic_altar, serial_bayou_pond_e
D:3:      kennysheep_slugbush, layout_basic
D:4:      kennysheep_six_static_rooms, layout_basic,
          mainiacjoe_overflow_alcove_1, serial_shops, nicolae_shop_statue_plus,
          minmay_bent

Skill      XL: |  1  2  3  4  5 |
---------------+----------------+-----
Long Blades    | 2 3 4 5 |  5.1
Fighting       | |  2.0
Throwing       | |  0.8
Armour         | |  0.8
Dodging        | |  1.7
Spellcasting   | |  2.0
Translocations | |  2.6

Action                     |  1- 3 |  4- 6 || total
---------------------------+-------+-------++-------
  Melee: Falchion          |    97 |   116 ||   213
         Punch             |     3 |     1 ||     4
    Use: Scroll            |       |     2 ||     2
         Potion            |       |     3 ||     3
   Stab: Sleeping          |       |     1 ||     1
 Armour: Leather armour    |    31 |    33 ||    64
  Dodge: Dodged            |    43 |    63 ||   106
